| TOP OF THE 1ST |
|
Southern Maryland Blue Crabs batting - Pitching for Paris Cubs : RHP Chris P. Shephard
|
|
Pitching: RHP Chris P. Shephard
|
|
|
Batting: RHB Josh Ludwig
|
0-0: Foul Ball, location: 2F 0-1: Ball 1-1: SINGLE (Line Drive, 5D, EV 104.4 MPH)
|
|
Batting: LHB Sam Hontz
|
0-0: Ball Josh Ludwig steals 2nd base 1-0: Called Strike 1-1: DOUBLE (Line Drive, 78D, EV 100.6 MPH) Josh Ludwig scores
|
|
Batting: RHB Matt Wallace
|
0-0: Ball 1-0: Ball 2-0: Called Strike 2-1: Ball 3-1: Called Strike 3-2: Foul Ball, location: 2F 3-2: Fly out, F8 (Flyball, 8RM, EV 95.0 MPH)
|
|
Batting: RHB Pedro Luera
|
0-0: Foul Ball, location: 2F 0-1: Called Strike 0-2: Foul Ball, location: 2F 0-2: Ball 1-2: Ball 2-2: Foul Ball, location: 2F 2-2: Strikes out swinging
|
|
Batting: SHB John Hiles
|
0-0: Ball 1-0: Called Strike 1-1: Ball 2-1: Called Strike 2-2: Strikes out swinging
|
| Top of the 1st over - 1 run, 2 hits, 0 errors, 1 left on base; Southern Maryland 1 - Paris 0 |
| BOTTOM OF THE 1ST |
|
Paris Cubs batting - Pitching for Southern Maryland Blue Crabs : RHP Rick Bob Van Arsdale-Undercarriage
|
|
Pitching: RHP Rick Bob Van Arsdale-Undercarriage
|
|
|
Batting: RHB Willie Rubio
|
0-0: Called Strike 0-1: Called Strike 0-2: Strikes out looking and he physically ARGUES THE CALL AND IS TOSSED!
|
|
Batting: LHB Tyler Schuettler
|
0-0: Foul Ball, location: 2F 0-1: Foul Ball, location: 2F 0-2: SINGLE (Popup, 6MD, EV 60.6 MPH)
|
|
Batting: LHB Jeremy Rideout
|
0-0: Called Strike 0-1: Ball 1-1: Fly out, F6 (Popup, 6D, EV 46.2 MPH)
|
|
Batting: LHB David Mendez
|
0-0: Ball 1-0: Fly out, F5 (Line Drive, 5, EV 73.8 MPH)
|
| Bottom of the 1st over - 0 runs, 1 hit, 0 errors, 1 left on base; Southern Maryland 1 - Paris 0 |
| TOP OF THE 2ND |
|
Southern Maryland Blue Crabs batting - Pitching for Paris Cubs : RHP Chris P. Shephard
|
|
Now in CF: Don Crockett
|
|
|
Batting: RHB Mike King
|
0-0: Ball 1-0: Ball 2-0: Ball 3-0: Base on Balls
|
|
Batting: LHB Taylor Plummer
|
0-0: Called Strike 0-1: Swinging Strike 0-2: Ball Wild Pitch! Mike King to second 1-2: Foul Ball, location: 2F 1-2: Fly out, F9 (Line Drive, 89M, EV 91.2 MPH)
|
|
Batting: RHB Tyler Cohen
|
0-0: Ball 1-0: Ball 2-0: Ground out 5-3 (Groundball, 56, EV 98.8 MPH)
|
|
Batting: RHB Willie Carmona
|
0-0: Swinging Strike 0-1: Ball 1-1: Ball 2-1: Called Strike 2-2: Ball 3-2: Strikes out looking
|
| Top of the 2nd over - 0 runs, 0 hits, 0 errors, 1 left on base; Southern Maryland 1 - Paris 0 |
| BOTTOM OF THE 2ND |
|
Paris Cubs batting - Pitching for Southern Maryland Blue Crabs : RHP Rick Bob Van Arsdale-Undercarriage
|
|
Batting: RHB Jesus Resendez
|
0-0: Called Strike 0-1: Called Strike 0-2: Ball 1-2: Foul Ball, location: 2F 1-2: Foul Ball, location: 2F 1-2: Ball 2-2: Strikes out swinging
|
|
Batting: RHB Mike Snider
|
0-0: Called Strike 0-1: Ball 1-1: Swinging Strike 1-2: SINGLE (Flyball, 6MD, EV 83.8 MPH)
|
|
Batting: RHB Jason Banks
|
0-0: Fly out, F9 (Flyball, 9, EV 95.6 MPH)
|
|
Batting: LHB Bobby Marlatt
|
0-0: Ball 1-0: Foul Ball, location: 2F 1-1: Swinging Strike 1-2: Strikes out swinging
|
| Bottom of the 2nd over - 0 runs, 1 hit, 0 errors, 1 left on base; Southern Maryland 1 - Paris 0 |
| TOP OF THE 3RD |
|
Southern Maryland Blue Crabs batting - Pitching for Paris Cubs : RHP Chris P. Shephard
|
|
Batting: RHB Josh Ludwig
|
0-0: Ball 1-0: Fly out, F8 (Flyball, 78M, EV 87.5 MPH)
|
|
Batting: LHB Sam Hontz
|
0-0: Ball 1-0: Called Strike 1-1: Ball 2-1: Foul Ball, location: 2F 2-2: Foul Ball, location: 2F 2-2: Foul Ball, location: 2F 2-2: Strikes out swinging
|
|
Batting: RHB Matt Wallace
|
0-0: Called Strike 0-1: Swinging Strike 0-2: Foul Ball, location: 2F 0-2: Ball 1-2: Hit by Pitch
|
|
Batting: RHB Pedro Luera
|
0-0: Foul Ball, location: 2F 0-1: Foul Ball, location: 2F 0-2: Fielders Choice at 2nd, 6-4 (Groundball, 6, EV 98.1 MPH)
|
| Top of the 3rd over - 0 runs, 0 hits, 0 errors, 1 left on base; Southern Maryland 1 - Paris 0 |
| BOTTOM OF THE 3RD |
|
Paris Cubs batting - Pitching for Southern Maryland Blue Crabs : RHP Rick Bob Van Arsdale-Undercarriage
|
|
Batting: RHB Michihisa Tanaka
|
0-0: Called Strike 0-1: Ground out 6-3 (Groundball, 6S, EV 74.4 MPH)
|
|
Batting: LHB Don Crockett
|
0-0: Ball 1-0: Called Strike 1-1: Foul Ball, location: 2F 1-2: Foul Ball, location: 2F 1-2: Foul Ball, location: 2F 1-2: Strikes out swinging
|
|
Batting: LHB Tyler Schuettler
|
0-0: Called Strike 0-1: Called Strike 0-2: Ball 1-2: Fly out, F2 (Popup, 5SF, EV 74.4 MPH)
|
| Bottom of the 3rd over - 0 runs, 0 hits, 0 errors, 0 left on base; Southern Maryland 1 - Paris 0 |
| TOP OF THE 4TH |
|
Southern Maryland Blue Crabs batting - Pitching for Paris Cubs : RHP Chris P. Shephard
|
|
Batting: SHB John Hiles
|
0-0: Called Strike 0-1: Ball 1-1: Ball 2-1: Fly out, F8 (Flyball, 8LD, EV 88.8 MPH)
|
|
Batting: RHB Mike King
|
0-0: Ball 1-0: Foul Ball, location: 2F 1-1: SOLO HOME RUN (Flyball, 7D, EV 97.5 MPH), Distance : 395 ft
|
|
Batting: LHB Taylor Plummer
|
0-0: Swinging Strike 0-1: Ball 1-1: Called Strike 1-2: Ball 2-2: Foul Ball, location: 2F 2-2: Strikes out looking
|
|
Batting: RHB Tyler Cohen
|
0-0: Ball 1-0: Swinging Strike 1-1: Ball 2-1: Reached on error, E6 (Groundball, 56, EV 103.8 MPH)
|
|
Batting: RHB Willie Carmona
|
0-0: Called Strike 0-1: Called Strike 0-2: Ball 1-2: Foul Ball, location: 2F 1-2: Ball 2-2: Ball 3-2: Foul Ball, location: 2F 3-2: Foul Ball, location: 2F 3-2: Strikes out swinging
|
| Top of the 4th over - 1 run, 1 hit, 1 error, 1 left on base; Southern Maryland 2 - Paris 0 |
| BOTTOM OF THE 4TH |
|
Paris Cubs batting - Pitching for Southern Maryland Blue Crabs : RHP Rick Bob Van Arsdale-Undercarriage
|
|
Batting: LHB Jeremy Rideout
|
0-0: Ground out U3 (Groundball, 3L, EV 98.1 MPH)
|
|
Batting: LHB David Mendez
|
0-0: Ground out 6-3 (Groundball, 6, EV 101.2 MPH)
|
|
Batting: RHB Jesus Resendez
|
0-0: Called Strike 0-1: Foul Ball, location: 2F 0-2: Strikes out swinging
|
| Bottom of the 4th over - 0 runs, 0 hits, 0 errors, 0 left on base; Southern Maryland 2 - Paris 0 |
| TOP OF THE 5TH |
|
Southern Maryland Blue Crabs batting - Pitching for Paris Cubs : RHP Chris P. Shephard
|
|
Pitching: RHP Tyler McCoy
|
|
|
Batting: RHB Josh Ludwig
|
0-0: Ball 1-0: Foul Ball, location: 2F 1-1: Swinging Strike 1-2: Strikes out looking
|
|
Batting: LHB Sam Hontz
|
0-0: DOUBLE (Line Drive, 89D, EV 108.8 MPH)
|
|
Batting: RHB Matt Wallace
|
0-0: Swinging Strike 0-1: Ball 1-1: Foul Ball, location: 2F 1-2: Ball 2-2: Strikes out looking
|
|
Batting: RHB Pedro Luera
|
0-0: Swinging Strike Passed Ball! Sam Hontz to third 0-1: Swinging Strike 0-2: Ball 1-2: Strikes out swinging
|
| Top of the 5th over - 0 runs, 1 hit, 0 errors, 1 left on base; Southern Maryland 2 - Paris 0 |
| BOTTOM OF THE 5TH |
|
Paris Cubs batting - Pitching for Southern Maryland Blue Crabs : RHP Rick Bob Van Arsdale-Undercarriage
|
|
Batting: RHB Mike Snider
|
0-0: Called Strike 0-1: Foul Ball, location: 2F 0-2: Foul Ball, location: 2F 0-2: Foul Ball, location: 2F 0-2: Ball 1-2: Foul Ball, location: 2F 1-2: Reached on error, E6 (Groundball, 6S, EV 86.2 MPH)
|
|
Batting: RHB Jason Banks
|
0-0: Fielders Choice at 2nd, 6-4 (Groundball, 6, EV 80.0 MPH)
|
|
Batting: LHB Bobby Marlatt
|
0-0: Ball 1-0: Swinging Strike 1-1: Fly out, F8 (Flyball, 78M, EV 85.6 MPH)
|
|
Batting: RHB Michihisa Tanaka
|
0-0: Ball 1-0: Foul Ball, location: 2F 1-1: Swinging Strike 1-2: Fly out, F7 (Flyball, 7LD, EV 96.9 MPH)
|
| Bottom of the 5th over - 0 runs, 0 hits, 1 error, 1 left on base; Southern Maryland 2 - Paris 0 |
| TOP OF THE 6TH |
|
Southern Maryland Blue Crabs batting - Pitching for Paris Cubs : RHP Tyler McCoy
|
|
Batting: SHB John Hiles
|
0-0: Foul Ball, location: 2F 0-1: Swinging Strike 0-2: Ball 1-2: Strikes out looking
|
|
Batting: RHB Mike King
|
0-0: Ball 1-0: Swinging Strike 1-1: Swinging Strike 1-2: Strikes out swinging
|
|
Batting: LHB Taylor Plummer
|
0-0: Ball 1-0: Called Strike 1-1: Fly out, F8 (Line Drive, 8LD, EV 90.0 MPH)
|
| Top of the 6th over - 0 runs, 0 hits, 0 errors, 0 left on base; Southern Maryland 2 - Paris 0 |
| BOTTOM OF THE 6TH |
|
Paris Cubs batting - Pitching for Southern Maryland Blue Crabs : RHP Rick Bob Van Arsdale-Undercarriage
|
|
Batting: LHB Don Crockett
|
0-0: Fly out, F5 (Popup, 6S, EV 74.4 MPH)
|
|
Batting: LHB Tyler Schuettler
|
0-0: Called Strike 0-1: Ball 1-1: Swinging Strike 1-2: Fly out, F8 (Flyball, 89M, EV 85.0 MPH)
|
|
Pitching: RHP Sherwood Abernethy
|
|
|
Batting: LHB Jeremy Rideout
|
0-0: Ball 1-0: Ball 2-0: SINGLE (Line Drive, 5D, EV 100.6 MPH)
|
|
Batting: LHB David Mendez
|
0-0: Ball 1-0: DOUBLE (Line Drive, 7LM, EV 106.2 MPH) Jeremy Rideout to third Runner from 3rd tries for Home, throw by LF and OUT! 7-6-2
|
| Bottom of the 6th over - 0 runs, 2 hits, 0 errors, 1 left on base; Southern Maryland 2 - Paris 0 |
| TOP OF THE 7TH |
|
Southern Maryland Blue Crabs batting - Pitching for Paris Cubs : RHP Tyler McCoy
|
|
Batting: RHB Tyler Cohen
|
0-0: Ball 1-0: Ball 2-0: Ball 3-0: Called Strike 3-1: Base on Balls
|
|
Batting: RHB Willie Carmona
|
0-0: SINGLE (Groundball, 56, EV 103.8 MPH) Tyler Cohen to second
|
|
Batting: RHB Josh Ludwig
|
0-0: Called Strike 0-1: Ball 1-1: Swinging Strike 1-2: Ball 2-2: Foul Ball, location: 2F 2-2: Foul Ball, location: 2F 2-2: Ball 3-2: Foul Ball, location: 2F 3-2: Strikes out looking
|
|
Pitching: LHP Dusty Blubaugh
|
|
|
Batting: LHB Sam Hontz
|
0-0: SINGLE (Groundball, 3D, EV 105.6 MPH) Tyler Cohen to third Willie Carmona to second Runner from 3rd tries for Home, SAFE, throw by RF to home
|
|
Batting: RHB Matt Wallace
|
0-0: Ball Passed Ball! Willie Carmona to third Sam Hontz to second 1-0: Ball Wild Pitch! Willie Carmona scores Sam Hontz to third 2-0: Ball 3-0: Called Strike 3-1: Called Strike 3-2: Strikes out swinging
|
|
Batting: RHB Pedro Luera
|
0-0: Swinging Strike 0-1: Swinging Strike 0-2: Strikes out swinging
|
| Top of the 7th over - 2 runs, 2 hits, 0 errors, 1 left on base; Southern Maryland 4 - Paris 0 |
| BOTTOM OF THE 7TH |
|
Paris Cubs batting - Pitching for Southern Maryland Blue Crabs : RHP Sherwood Abernethy
|
|
Pinch Hitting: SHB Shiroku Waki
|
0-0: Ball 1-0: Ball 2-0: DOUBLE (Line Drive, 9LM, EV 104.4 MPH)
|
|
Batting: RHB Mike Snider
|
0-0: Swinging Strike 0-1: Called Strike 0-2: Ball 1-2: Strikes out swinging
|
|
Batting: RHB Jason Banks
|
0-0: Ball 1-0: Called Strike 1-1: Called Strike 1-2: Strikes out swinging
|
|
Batting: LHB Bobby Marlatt
|
0-0: Ball 1-0: Swinging Strike 1-1: Ball 2-1: Foul Ball, location: 2F 2-2: Strikes out swinging
|
| Bottom of the 7th over - 0 runs, 1 hit, 0 errors, 1 left on base; Southern Maryland 4 - Paris 0 |
| TOP OF THE 8TH |
|
Southern Maryland Blue Crabs batting - Pitching for Paris Cubs : LHP Dusty Blubaugh
|
|
Now in LF: Shiroku Waki
|
|
|
Now in RF: Bobby Marlatt
|
|
|
Batting: SHB John Hiles
|
0-0: Ball 1-0: Swinging Strike 1-1: Foul Ball, location: 2F 1-2: Strikes out looking
|
|
Batting: RHB Mike King
|
0-0: Called Strike 0-1: Ball 1-1: Foul Ball, location: 2F 1-2: Strikes out looking
|
|
Batting: LHB Taylor Plummer
|
0-0: Ground out 6-3 (Groundball, 6, EV 96.2 MPH)
|
| Top of the 8th over - 0 runs, 0 hits, 0 errors, 0 left on base; Southern Maryland 4 - Paris 0 |
| BOTTOM OF THE 8TH |
|
Paris Cubs batting - Pitching for Southern Maryland Blue Crabs : RHP Sherwood Abernethy
|
|
Batting: RHB Michihisa Tanaka
|
0-0: Ball 1-0: Swinging Strike 1-1: Ball 2-1: Ground out 6-3 (Groundball, 6, EV 106.9 MPH)
|
|
Batting: LHB Don Crockett
|
0-0: Ball 1-0: Ball 2-0: Ball 3-0: Foul Ball, location: 2F 3-1: Swinging Strike 3-2: Foul Ball, location: 2F 3-2: Strikes out swinging
|
|
Batting: LHB Tyler Schuettler
|
0-0: Ball 1-0: Ball 2-0: Ball 3-0: Called Strike 3-1: Swinging Strike 3-2: Fly out, F8 (Flyball, 78M, EV 86.9 MPH)
|
| Bottom of the 8th over - 0 runs, 0 hits, 0 errors, 0 left on base; Southern Maryland 4 - Paris 0 |
| TOP OF THE 9TH |
|
Southern Maryland Blue Crabs batting - Pitching for Paris Cubs : LHP Dusty Blubaugh
|
|
Batting: RHB Adam Beal
|
0-0: Foul Ball, location: 2F 0-1: Swinging Strike 0-2: Ball 1-2: Foul Ball, location: 2F 1-2: Ball 2-2: Foul Ball, location: 2F 2-2: Fly out, F8 (Flyball, 8RD, EV 98.8 MPH)
|
|
Batting: RHB Willie Carmona
|
0-0: Ball 1-0: Fly out, F7 (Line Drive, 7, EV 101.2 MPH)
|
|
Batting: RHB Josh Ludwig
|
0-0: Ground out 6-3 (Groundball, 6, EV 81.9 MPH)
|
| Top of the 9th over - 0 runs, 0 hits, 0 errors, 0 left on base; Southern Maryland 4 - Paris 0 |
| BOTTOM OF THE 9TH |
|
Paris Cubs batting - Pitching for Southern Maryland Blue Crabs : RHP Sherwood Abernethy
|
|
Pitching: RHP Kyung-won Kim
|
|
|
Batting: LHB Jeremy Rideout
|
0-0: Called Strike 0-1: Fly out, F7 (Flyball, 7D, EV 103.8 MPH)
|
|
Batting: LHB David Mendez
|
0-0: Swinging Strike 0-1: Ball 1-1: Foul Ball, location: 2F 1-2: SINGLE (Popup, 3D, EV 69.4 MPH)
|
|
Batting: SHB Shiroku Waki
|
0-0: Ball 1-0: Foul Ball, location: 2F 1-1: Ball 2-1: Foul Ball, location: 2F 2-2: Foul Ball, location: 2F 2-2: Ball 3-2: Fly out, F7 (Flyball, 7, EV 93.1 MPH)
|
|
Batting: RHB Mike Snider
|
0-0: Called Strike 0-1: SINGLE (Groundball, 56D, EV 107.5 MPH) David Mendez to second
|
|
Batting: RHB Jason Banks
|
0-0: Swinging Strike 0-1: Swinging Strike 0-2: Ball 1-2: Fielders Choice at 2nd, 6-4 (Groundball, 6, EV 82.5 MPH)
|
| Bottom of the 9th over - 0 runs, 2 hits, 0 errors, 2 left on base; Southern Maryland 4 - Paris 0 |
|